 Dungeon Crawl Stone Soup version 0.25.0-37-gb73750e0fb (webtiles) character file.

Game seed: 17607202291424165009

25 ANON1729 the Skirmisher (level 3, 0/26 HPs)
             Began as a Formicid Abyssal Knight on July 9, 2020.
             Was a Follower of Lugonu.
             Slain by an adder (4 damage)
             ... on level 2 of the Dungeon.
             The game lasted 00:01:29 (672 turns).

ANON1729 the Skirmisher (Formicid Abyssal Knight)    Turns: 672, Time: 00:01:30

Health: 0/26       AC:  3    Str: 16    XL:     3   Next: 17%
Magic:  4/4        EV: 11    Int: 13    God:    Lugonu [*.....]
Gold:   58         SH:  0    Dex: 11    Spells: 2/2 levels left

rFire    . . .     SeeInvis +   a - +1 short sword
rCold    . . .     Gourm    .   (no shield)
rNeg     . . .     Faith    .   b - +0 leather armour
rPois    .         Spirit   .   (helmet unavailable)
rElec    .         Reflect  .   (no cloak)
rCorr    .         Harm     .   (no gloves)
MR       .....                  (no boots)
Stlth    +.........             (no amulet)
HPRegen  0.08/turn              (no ring)
MPRegen  0.09/turn              (no ring)

@: no status effects
A: permanent stasis, dig shafts and tunnels, four strong arms, antennae 3,
clever 1, frail 1
a: Dig, Shaft Self, Depart the Abyss, Renounce Religion


You were on level 2 of the Dungeon.
You worshipped Lugonu.
Lugonu was aware of your devotion.
You were not hungry.

You visited 1 branch of the dungeon, and saw 2 of its levels.
You visited the Abyss 1 time.

You collected 58 gold pieces.

Inventory:

Hand Weapons
 a - a +1 short sword (weapon)
Armour
 b - a +0 leather armour (worn)
Scrolls
 f - a scroll of remove curse {unknown}
 g - a scroll of fear {unknown}
 i - 2 scrolls of teleportation {unknown}
Potions
 d - a potion of mutation
 e - a potion of lignification {unknown}
 h - a potion of cancellation {unknown}
 j - a potion of curing {unknown}
Comestibles
 c - 2 rations


   Skills:
 + Level 3.5 Fighting
 + Level 2.3 Short Blades
 + Level 2.5 Armour
 + Level 1.3 Dodging
 + Level 2.6 Invocations


You had 2 spell levels left.
You didn't know any spells.
Your spell library was empty.

Dungeon Overview and Level Annotations

Branches:
Dungeon (1/15)

Altars:


Innate Abilities, Weirdness & Mutations

You cannot be hasted, slowed, berserked, paralysed or teleported.
You can dig through walls and to a lower floor.
Your four strong arms can wield two-handed weapons with a shield.
You have a pair of large antennae on your head. (SInv)
Your mind is acute. (Int +2)
You are frail. (-10% HP)


Message History

The adder is severely wounded.
The adder barely misses you.
You barely miss the adder.
The adder is severely wounded.
The adder bites you.
* * * LOW HITPOINT WARNING * * *
A worm comes into view.
The adder bites you.
* * * LOW HITPOINT WARNING * * *
It was a potion of mutation.
You feel extremely strange.
You feel frail.
You feel clever. The adder closely misses you.
You hit the adder.
The adder is almost dead.
The adder barely misses you.
You closely miss the adder.
The adder is almost dead.
A rat comes into view.
The adder bites you.
You die...

##.### { .....#
###.##.##
.#.[#..#
..##..# #
##.#..#
#r###.##..###.#
#.w#@(.......#
#%.#S#[#?######
# #####.# ..#
#.# !.# ###


You could see a worm, an adder and a rat (wandering).

Vanquished Creatures
  A dart slug (D:1)
  3 goblins
  4 hobgoblins (D:1)
  5 jackals
  2 frilled lizards
  4 kobolds
  2 rats (D:1)
21 creatures vanquished.

Notes
Turn   | Place    | Note
-------+----------+-------------------------------------------
     0 | Abyss:1  | ANON1729 the Formicid Abyssal Knight began the quest for
                  | the Orb.
     0 | Abyss:1  | Reached XP level 1. HP: 18/18 MP: 2/2
    89 | Abyss:1  | Noticed a large abomination
    92 | Abyss:1  | Noticed a bone dragon
    96 | D:1      | Escaped the Abyss
   163 | D:1      | Reached skill level 1 in Dodging
   179 | D:1      | Reached XP level 2. HP: 7/24 MP: 3/3
   185 | D:1      | Reached * piety under Lugonu
   612 | D:1      | Reached XP level 3. HP: 15/29 MP: 4/4
   648 | D:1      | You fall into a shaft and drop 1 floor!
   670 | D:2      | Gained mutation: You are frail. (-10% HP) [potion of
                  | mutation]
   670 | D:2      | Gained mutation: Your mind is acute. (Int +2) [potion of
                  | mutation]
   672 | D:2      | Slain by an adder

Illustrated notes

Levels and vault maps discovered:
D:1:      minmay_arrival_radiant_lines, layout_loops_ring
D:2:      layout_basic, nicolae_ru_the_path_less_chosen,
          chequers_ecumenical_altar_grove, minmay_octomino_e4

Skill      XL: |  1 |
---------------+----+-----
Dodging        | 1 |  1.3
Fighting       | |  3.5
Short Blades   | |  2.3
Armour         | |  2.5
Invocations    | |  2.6

Action                   || total
-------------------------++-------
Melee: Short sword       ||    69
Invok: Depart the Abyss  ||     1
  Use: Potion            ||     1
Armor: Leather armour    ||    10
Dodge: Dodged            ||    44
